 Dungeon Crawl Stone Soup version 0.20.1-1-g8b1a95d (webtiles) character file.

142 birkhead the Skirmisher (level 5, 0/52 HPs)
             Began as a Troll Abyssal Knight on Dec 5, 2017.
             Was a Believer of Lugonu.
             Killed from afar by an electric eel (7 damage)
             ... with a bolt of electricity
             ... on level 3 of the Dungeon.
             The game lasted 00:21:09 (1790 turns).

birkhead the Skirmisher (Troll Abyssal Knight)      Turns: 1790, Time: 00:21:09

Health: 0/52       AC:  5    Str: 21    XL:     5   Next: 3%
Magic:  5/5        EV: 10    Int:  8    God:    Lugonu [**....]
Gold:   130        SH:  0    Dex:  9    Spells: 4/4 levels left

rFire    . . .     SeeInvis .   a - +1 mace
rCold    . . .     Gourm    +   (no shield)
rNeg     . . .     Faith    .   b - +0 robe
rPois    .         Spirit   .   (helmet restricted)
rElec    .         Reflect  .   (no cloak)
rCorr    .         Harm     .   (gloves unavailable)
MR       .....                  (boots unavailable)
Stlth    +.........             (no amulet)
Regen    0.6/turn               (no ring)
MPRegen  0.1/turn               (no ring)

@: no status effects
A: unfitting armour, claws 3, fast metabolism 3, gourmand, regeneration 1,
shaggy fur 1, tough skin 2
a: Depart the Abyss, Bend Space, Renounce Religion


You were on level 3 of the Dungeon.
You worshipped Lugonu.
Lugonu was pleased with you.
You were very full.

You visited 1 branch of the dungeon, and saw 3 of its levels.
You visited the Abyss 1 time.

You collected 130 gold pieces.

Inventory:

Hand Weapons
 a - a +1 mace (weapon)
Missiles
 h - 3 needles of confusion
Armour
 b - a +0 robe (worn)
Jewellery
 n - an uncursed ring of protection from fire {unknown}
Wands
 q - a wand of flame (26/48)
Scrolls
 d - 2 scrolls of teleportation
 p - a scroll of remove curse {unknown}
Potions
 e - 2 potions of lignification {unknown}
 g - a potion of resistance {unknown}
 j - a potion of invisibility {unknown}
 k - a potion of brilliance {unknown}
 m - a potion of haste {unknown}
 o - a potion of heal wounds {unknown}
Comestibles
 c - 2 bread rations
 f - 5 chunks of flesh
 l - a royal jelly


   Skills:
 + Level 2.9 Fighting
 + Level 2.8 Maces & Flails
 + Level 1.0 Throwing
 + Level 2.7 Dodging
 + Level 2.6 Invocations


You had 4 spell levels left.
You didn't know any spells.

Dungeon Overview and Level Annotations

Branches:
Dungeon (3/15)

Altars:
Fedhas
Nemelex Xobeh
Sif Muna
The Shining One


Innate Abilities, Weirdness & Mutations

You are too large for most types of armour.
You have claws for hands.
Your metabolism is lightning-fast.
You like to eat raw meat.
Your natural rate of healing is unusually fast.
You are covered in fur. (AC +1)
You have very tough skin. (AC +2)


Message History

Okay, then.
You close the door.
You start resting.
HP restored.
You open the door.
The electric eel shoots out a bolt of lightning at you!
The bolt of electricity hits you! x2
There is an open door here.
The electric eel shoots out a bolt of lightning at you!
The bolt of electricity hits you! x2
You closely miss the electric eel. You barely miss the electric eel.
The electric eel shoots out a bolt of lightning at you!
The bolt of electricity hits you!
* * * LOW HITPOINT WARNING * * *
The electric eel shoots out a bolt of lightning at you!
The bolt of electricity hits you!
* * * LOW HITPOINT WARNING * * *
The bolt of electricity hits you!
You die...

#.............#
##.#.......)...#
####...#..........#
#....©...........##
#[#######.##..#######
#.#8...8#............
#.#P...P#.##.###..###
#.###'###.##.# ##.#
#.#;@..≈#.##.# #.^.
#.#;...≈#....# ####.
#.#(...≈#.#...
#.#≈.⌠.≈#.#.#
#.#≈...≈#.#
#.#≈...≈#.#
#.#≈...≈#.#
#.###+###.#


You could see 2 electric eels.

Vanquished Creatures
  7 gnolls
  2 adders (D:2)
  An ooze (D:2)
  2 worms (D:2)
  3 dart slugs (D:1)
  A leopard gecko (D:1)
  An orc (D:3)
  2 ball pythons
  4 bats
  2 giant cockroaches (D:3)
  5 goblins
  4 hobgoblins
  3 jackals (D:3)
  5 kobolds
  A rat (D:1)
43 creatures vanquished.

Notes
Turn   | Place    | Note
-------+----------+-------------------------------------------
     0 | Abyss:1  | birkhead the Troll Abyssal Knight began the quest for the Orb.
     0 | Abyss:1  | Reached XP level 1. HP: 22/22 MP: 1/1
    45 | Abyss:1  | Found a sparkling altar of Nemelex Xobeh.
   136 | D:1      | Escaped the Abyss
   280 | D:1      | Reached * piety under Lugonu
   280 | D:1      | Reached XP level 2. HP: 29/29 MP: 2/2
   723 | D:2      | Reached XP level 3. HP: 27/36 MP: 3/3
   794 | D:2      | Found a sparkling altar of Nemelex Xobeh.
   951 | D:2      | Reached XP level 4. HP: 25/44 MP: 4/4
  1091 | D:2      | Found a deep blue altar of Sif Muna.
  1120 | D:2      | Found a blossoming altar of Fedhas.
  1143 | D:2      | Found a glowing golden altar of the Shining One.
  1336 | D:3      | Reached ** piety under Lugonu
  1564 | D:3      | Reached skill level 1 in Throwing
  1564 | D:3      | Reached XP level 5. HP: 52/52 MP: 5/5
  1657 | D:3      | Found a transporter.
  1790 | D:3      | Killed from afar by an electric eel

Skill      XL: |  1  2  3  4 |
---------------+-------------+-----
Dodging        | 2 |  2.7
Maces & Flails | 2 |  2.8
Invocations    | 2 |  2.6
Throwing       | 1 |  1.0
Fighting       | |  2.9

Action                   |  1- 3 |  4- 6 || total
-------------------------+-------+-------++-------
Melee: Mace              |    90 |    66 ||   156
Throw: Tomahawk          |       |     7 ||     7
Invok: Depart the Abyss  |     1 |       ||     1
  Use: Scroll            |     1 |     1 ||     2
 Stab: Sleeping          |     1 |       ||     1
  Eat: Chunk             |    14 |     8 ||    22
Armor: Robe              |    22 |    16 ||    38
Dodge: Dodged            |    38 |    34 ||    72
